 Dungeon Crawl Stone Soup version 0.24-a0-397-g73b976d (webtiles) character file.

Game seed: 18050095524660987069

728 CanOfBees the Slasher (level 7, -2/55 HPs)
             Began as a Demonspawn Gladiator on June 5, 2019.
             Slain by a centaur (4 damage)
             ... on level 4 of the Dungeon.
             The game lasted 00:14:23 (6519 turns).

CanOfBees the Slasher (Demonspawn Gladiator)        Turns: 6519, Time: 00:14:23

Health: -2/55      AC: 15    Str: 21    XL:     7   Next: 44%
Magic:  7/7        EV: 10    Int: 14    God:
Gold:   150        SH:  0    Dex: 15    Spells: 6/6 levels left

rFire    . . .     SeeInvis .   a - +0 long sword
rCold    . . .     Gourm    .   (no shield)
rNeg     . . .     Faith    .   e - +2 chain mail {rPois}
rPois    +         Spirit   .   c - +0 helmet
rElec    .         Reflect  .   D - +1 cloak
rCorr    .         Harm     .   (no gloves)
MR       .....                  (no boots)
Stlth    ..........             (no amulet)
HPRegen  0.18/turn              (no ring)
MPRegen  0.10/turn              (no ring)

@: mighty, brilliant, flying, studying Dodging
A: talons 2, iridescent scales 1, powered by pain 2
a: no special abilities


You were on level 4 of the Dungeon.
You were not hungry.

You visited 2 branches of the dungeon, and saw 5 of its levels.

You collected 150 gold pieces.

Inventory:

Hand Weapons
 a - a +0 long sword (weapon)
 r - a +2 spear of piercing
Missiles
 i - 161 stones (quivered)
 j - 22 bolts
 n - 2 javelins
 q - 10 sling bullets
 s - 4 boomerangs
 w - 13 arrows
 B - a poisoned dart
Armour
 c - a +0 helmet (worn)
 e - a +2 chain mail of poison resistance (worn)
 D - a +1 cloak (worn)
Jewellery
 x - an uncursed ring of wizardry
Wands
 p - a wand of digging (2)
Scrolls
 d - 2 scrolls of identify
 g - a scroll of fear {unknown}
 h - 2 scrolls of blinking {unknown}
 k - a scroll of immolation {unknown}
 m - 2 scrolls of remove curse {unknown}
 u - 2 scrolls of enchant armour {unknown}
 C - a scroll of enchant weapon {unknown}
Potions
 b - a potion of flight
 l - a potion of haste
 z - a potion of curing
Books
 E - a manual of Dodging
Comestibles
 f - 7 rations
 A - 5 chunks of flesh


   Skills:
 + Level 4.5 Fighting
 + Level 4.6 Long Blades
 + Level 4.1 Throwing
 + Level 1.1 Armour
 + Level 4.4 Dodging


You had 6 spell levels left.
You didn't know any spells.
Your spell library contained the following spells:

 Spells                   Type           Power        Failure   Level  Hunger
 Infusion                 Chrm           #...         30%         1    ##.....


Dungeon Overview and Level Annotations

Branches:
Dungeon (4/15)             Temple (1/1) D:4

Altars:
Ashenzari
Cheibriados
Dithmenos
Fedhas
Gozag
Kikubaaqudgha
Qazlal
Ru
Sif Muna
Trog
Uskayaw
Vehumet
Wu Jian
Yredelemnul
Zin


Innate Abilities, Weirdness & Mutations

You have razor-sharp toenails.
You are partially covered in iridescent scales. (AC +2)
You sometimes gain power by taking damage.


Message History

You claw the phantom, but do no damage.
The phantom is lightly damaged.
You hit the centaur but do no damage. Your kick misses the centaur.
The centaur hits you but does no damage. x2
The phantom blinks!
The adder hisses angrily.
The centaur hits you!
* * * LOW HITPOINT WARNING * * *
You barely miss the centaur.
The centaur hits you but does no damage. x2
Okay, then.
It was a potion of might.
You feel very mighty all of a sudden. The centaur hits you.
* * * LOW HITPOINT WARNING * * *
It was a potion of brilliance.
You feel clever all of a sudden.
The centaur hits you but does no damage.
The adder bites you but does no damage. The centaur hits you.
You die...

#.........#.####..####.#..#.# #
#.............##..# #.#.##.# #
#.............##..####.#.##.# #
#.##..........##.......#.##.#.#
###.##...............O....S##O#.#
.#...#..........###.##..##.##S#.#
...#..........[.# #...........#.#
.#...##.........######..#####.#.#
###.###....W...c@S......# #.#.#
###.# #.........#######.# #....
....# #.......(.# #.# #..#. #####
#######..## #.# #.... # ##.#
#..## # #.# #.... # #.# #..## #
#.# #..). # #.# #.######)##


You could see a phantom, a centaur and an adder.

Vanquished Creatures
  An ice beast (D:4)
  2 ogres
  A hound (D:4)
  2 orc priests (D:4)
  3 orc wizards (D:4)
  Natasha (thrice) (D:2)
  2 worker ants (D:4)
  Robin (D:2)
  A howler monkey skeleton (D:4)
  4 gnolls
  2 adders
  An ooze (D:1)
  3 worms (D:2)
  2 dart slugs (D:1)
  4 leopard geckos
  5 orcs
  3 ball pythons (D:1)
  2 giant cockroaches
  12 goblins
  7 hobgoblins
  6 kobolds
  A quokka (D:4)
  7 bats
  7 frilled lizards
  5 rats
87 creatures vanquished.

Vanquished Creatures (others)
  A bush (D:2)
1 creature vanquished.

Grand Total: 88 creatures vanquished

Notes
Turn   | Place    | Note
-------+----------+-------------------------------------------
     0 | D:1      | CanOfBees the Demonspawn Gladiator began the quest for the
                  | Orb.
     0 | D:1      | Reached XP level 1. HP: 16/16 MP: 1/1
   173 | D:1      | Gained mutation: You are partially covered in iridescent
                  | scales. (AC +2) [demonic ancestry]
   173 | D:1      | Reached XP level 2. HP: 17/22 MP: 2/2
   483 | D:1      | Gained mutation: You sometimes gain a little power by
                  | taking damage. [demonic ancestry]
   483 | D:1      | Reached XP level 3. HP: 28/28 MP: 3/3
   814 | D:2      | Found a radiant altar of Vehumet.
   829 | D:2      | Noticed Robin
  1202 | D:2      | Noticed Natasha
  1472 | D:2      | Found a deep blue altar of Sif Muna.
  1472 | D:2      | Found an ancient bone altar of Kikubaaqudgha.
  1488 | D:2      | Identified Sif Muna's Handbook of Boosts
  1891 | D:2      | Reached XP level 4. HP: 23/34 MP: 4/4
  1897 | D:2      | Killed Robin
  1996 | D:2      | Killed Natasha
  2187 | D:2      | Noticed Natasha
  2435 | D:2      | Killed Natasha
  2435 | D:2      | Gained mutation: You sometimes gain power by taking damage.
                  | [demonic ancestry]
  2435 | D:2      | Reached XP level 5. HP: 16/41 MP: 5/5
  2733 | D:2      | Noticed Natasha
  2821 | D:2      | Killed Natasha
  3503 | D:3      | Found a glowing silver altar of Zin.
  3607 | D:3      | Found a bloodstained altar of Trog.
  4158 | D:3      | Found a snail-covered altar of Cheibriados.
  4525 | D:4      | Noticed an ice beast
  4762 | D:4      | Killed an ice beast
  4762 | D:4      | Gained mutation: You have sharp toenails. [demonic
                  | ancestry]
  4762 | D:4      | Reached XP level 6. HP: 17/48 MP: 6/6
  5364 | D:4      | Gained mutation: You have razor-sharp toenails. [demonic
                  | ancestry]
  5364 | D:4      | Reached XP level 7. HP: 32/54 MP: 7/7
  6085 | D:4      | Found a staircase to the Ecumenical Temple.
  6100 | Temple   | Entered the Ecumenical Temple
  6443 | D:4      | Reached skill level 1 in Armour
  6518 | D:4      | HP: 2/55 [centaur (2)]
  6519 | D:4      | Slain by a centaur

Levels and vault maps discovered:
D:1:      wander_arrival_chamber, layout_rooms, palyth_stone_intersect,
          skrybe_limestone_x, minivault_4
D:2:      layout_rooms, grunt_temple_overflow_magic_moments, minmay_hedge_maze,
          uniq_natasha, uniq_robin
D:3:      layout_loops_corners, bloody_trog, lemuel_crystal_altar, zin_academy
D:4:      layout_loops_ring, minmay_temple_entry_arrows, first_ration,
          kennysheep_decorative_pillar, minmay_manual_monolith
Temple:   grunt_temple_mini_profane

Skill      XL: |  1  2  3  4  5  6  7 |
---------------+----------------------+-----
Throwing       | 2 3 4 |  4.1
Dodging        | 3 4 |  4.4
Long Blades    | 3 4 |  4.6
Fighting       | 3 4 |  4.5
Armour         | 1 |  1.1

Action                   |  1- 3 |  4- 6 |  7- 9 || total
-------------------------+-------+-------+-------++-------
Melee: Long sword        |   126 |   126 |    34 ||   286
       Kick              |       |     6 |    14 ||    20
Throw: Throwing net      |     1 |     3 |       ||     4
       Stone             |       |    17 |       ||    17
       Boomerang         |       |    20 |     6 ||    26
       Javelin           |       |     7 |       ||     7
       Dart              |       |     9 |     8 ||    17
  Use: Scroll            |       |     5 |     2 ||     7
       Potion            |       |       |     3 ||     3
 Stab: Invisible         |       |       |     1 ||     1
  Eat: Chunk             |     3 |     8 |     4 ||    15
       Ration            |       |     1 |       ||     1
Armor: Leather armour    |    32 |       |       ||    32
       Ring mail         |    39 |    43 |       ||    82
       Skin              |       |     2 |       ||     2
       Chain mail        |       |       |    29 ||    29
Dodge: Dodged            |   105 |    94 |    17 ||   216
       Rpst.: Long sword |    28 |    30 |     6 ||    64

Table legend:
 A = Non-vault XP
 B = Vault XP
 C = Vault XP percentage of total XP
 D = Non-vault monster count
 E = Vault monster count
 F = Vault count percentage of total count
                 A         B        C        D         E       F
            +---------+---------+-------+---------+---------+-------
      Total |     921 |     119 |  11.4 |      72 |      15 |  17.2
            +---------+---------+-------+---------+---------+-------
        D:1 |      79 |      14 |  15.1 |      26 |       7 |  21.2
        D:2 |     126 |      57 |  31.1 |      14 |       5 |  26.3
        D:3 |      30 |       0 |   0.0 |      12 |       0 |   0.0
        D:4 |     565 |      48 |   7.8 |      19 |       3 |  13.6
     Temple |     121 |       0 |   0.0 |       1 |       0 |   0.0
            +---------+---------+-------+---------+---------+-------
